 Dungeon Crawl Stone Soup version 0.29-a0-322-g68df515428 (webtiles) character file.

Game seed: 7061787983894398257

8487 kae the Destroyer (level 11, 0/64 HPs)
             Began as a Tengu Fire Elementalist on Apr 8, 2022.
             Was a Believer of Sif Muna.
             Succumbed to a hornet's poison
             ... on level 10 of the Dungeon.
             The game lasted 00:10:21 (13435 turns).

kae the Destroyer (Tengu Fire Elementalist)        Turns: 13435, Time: 00:10:22

Health: 0/64       AC: 11    Str:  9    XL:     11   Next: 31%
Magic:  16/21      EV: 18    Int: 20    God:    Sif Muna [**....]
Gold:   772        SH:  0    Dex: 14    Spells: 9/22 levels left

rFire   + + .      SeeInvis .   n - staff of fire
rCold   . . .      Faith    .   (no shield)
rNeg    . . .      Spirit   .   I - +0 steam dragon scales
rPois   .          Reflect  .   (helmet restricted)
rElec   .          Harm     .   v - +0 cloak
rCorr   .          Rampage  .   x - +2 pair of gloves
Will    +....                   (boots unavailable)
Stlth   ++........              (no amulet)
HPRegen 0.20/turn               C - ring of protection from fire
MPRegen 0.17/turn               t - ring of willpower

@: lethally poisoned (0 -> -15), flying quickly and evasively, quick
A: beak, talons 3, nimble flight
a: Renounce Religion, Channel Magic


You were on level 10 of the Dungeon.
You worshipped Sif Muna.
Sif Muna was pleased with you.
You visited 2 branches of the dungeon, and saw 11 of its levels.
You also visited: Ossuary.

You collected 913 gold pieces.
You spent 141 gold pieces at shops.

Inventory:

Hand Weapons
 f - a +1 short sword
Armour
 o - a +1 scale mail
 v - a +0 cloak (worn)
 x - a +2 pair of gloves (worn)
 I - +0 steam dragon scales (worn)
Magical Staves
 n - a staff of fire (weapon)
Jewellery
 k - a ring of protection from cold
 s - a ring of positive energy
 t - a ring of willpower (right hand)
 u - a ring of see invisible
 C - a ring of protection from fire (left hand)
 G - a ring of willpower
 H - a +6 ring of strength
 L - a +4 ring of protection
 P - a ring of protection from fire
Wands
 d - a wand of acid (12)
 K - a wand of polymorph (15)
 M - a wand of mindburst (16)
Scrolls
 g - 6 scrolls of teleportation
 p - 2 scrolls of blinking
 r - 2 scrolls of amnesia
 y - 2 scrolls of magic mapping
 A - 2 scrolls of fog
 B - a scroll of fear
 F - 2 scrolls of enchant weapon
 N - a scroll of identify
Potions
 a - a potion of berserk rage
 b - a potion of magic
 c - 4 potions of heal wounds
 e - a potion of cancellation
 h - 7 potions of curing
 i - 2 potions of ambrosia
 j - a potion of invisibility
 l - 4 potions of resistance
 m - 3 potions of might
 q - 2 potions of attraction
 w - 5 potions of haste
 z - 2 potions of brilliance {unknown}
 D - 2 potions of degeneration {unknown}
 E - 2 potions of lignification
 J - a potion of mutation {unknown}


   Skills:
 + Level 6.0 Fighting
 + Level 6.3 Staves
 + Level 6.6 Armour
 + Level 7.1 Dodging
 - Level 2.0 Stealth
 + Level 6.0 Spellcasting
 + Level 8.0 Conjurations
 + Level 7.6 Fire Magic
 + Level 5.7 Evocations


You had 9 spell levels left.
You knew the following spells:

 Your Spells              Type           Power      Damage    Failure   Level
a - Foxfire               Conj/Fire      100%       2x1d9     1%          1
b - Scorch                Fire           100%       2d10      1%          2
c - Conjure Flame         Conj/Fire      54%        6-21      1%          3
d - Inner Flame           Hex/Fire       32%        N/A       6%          3
e - Flame Wave            Conj/Fire      54%        2d11      4%          4

Your spell library contained the following spells:

 Spells                   Type           Power      Damage    Failure   Level
 Ensorcelled Hibernation  Hex/Ice        12%        N/A       16%         2
 Passwall                 Tmut/Erth      5%         N/A       16%         2
 Sublimation of Blood     Necr           6%         N/A       16%         2
 Wereblood                Tmut           6%         N/A       16%         2
 Spider Form              Tmut/Pois      6%         N/A       30%         3
 Swiftness                Air            6%         N/A       30%         3
 Irradiate                Conj/Tmut      11%        3d17      50%         5
 Anguish                  Hex/Necr       3%         N/A       71%         4
 Cause Fear               Hex            3%         N/A       71%         4
 Petrify                  Tmut/Erth      6%         N/A       71%         4
 Dragon Form              Tmut           3%         N/A       100%        7
 Summon Hydra             Summ           3%         N/A       100%        7
 Dragon's Call            Summ           3%         N/A       100%        9


Dungeon Overview and Level Annotations

Branches:
Dungeon (10/15)            Temple (1/1) D:7            Lair (0/6) D:8
Ossuary (visited)
    Orc: D:9-12

Altars:
Ashenzari
Cheibriados
Dithmenos
Elyvilon
Fedhas
Gozag
Hepliaklqana
Kikubaaqudgha
Makhleb
Nemelex Xobeh
Okawaru
Qazlal
Ru
Sif Muna
Trog
Uskayaw
Vehumet
Wu Jian
Yredelemnul
Zin
The Shining One

Shops:
D:2 (   D:3 *

Annotations:
D:8 1 runed translucent door, kae's ghost, novice TeFE
D:9 4 runed translucent doors, exclusion: cyclops, Leszczynek's ghost, novice HuGl


Innate Abilities, Weirdness & Mutations

You have a beak for a mouth.
You have claws for feet.
Your magical nature lets you fly swiftly and evasively.


Message History

Found a potion of curing.
The orc warrior shouts!
The yak bellows!
You hear a bellow!
The hornet misses you.
Casting: Flame Wave (dangerous; 4% risk of failure)
Confirm with . or Enter, or press ? or * to list all spells.
Casting: Flame Wave (dangerous; 4% risk of failure)
Press: ? - help, Dir - look around, f - activate You feel a surge of power!
A wave of flame ripples out!
The flame wave engulfs the hornet.
The hornet is lightly wounded. (Press . to intensify the flame waves.)
A yak comes into view.
The hornet barely misses you.
A wave of flame ripples out!
The flame wave engulfs the hornet!
The hornet is moderately wounded.
The flame wave engulfs the orc!
You kill the orc!
Sif Muna accepts your kill.
The flame wave engulfs the orc warrior!
The orc warrior is moderately wounded.
The hornet stings you!
You are poisoned.
You suddenly lose the ability to move!
The orc warrior hits you from afar with a +0 glaive!
The hornet stings you!
You are more poisoned.
You feel yourself slow down.
You can move again.
You feel yourself speed up.
You feel extremely sick. The hornet completely misses you.
A yak comes into view.
The orc warrior hits you but does no damage.
The hornet misses you. The orc closely misses you.
The orc warrior hits you from afar with a +0 glaive!
* * * LOW HITPOINT WARNING * * *
Blink to where?
Press: ? - help, Dir - move target
As you read the scroll of blinking, it crumbles to dust.
You die...

............. #oy)......
............. ##ยง.....#.
.............###.........
..##.......##.(..........
####....#####............
###.....#####.......[....
.##........###...........
.##......).........#.....
.####...........@.#...###
## #...###...#.<.#...#
#...# #####...#...#
##...# ##### ### #....#
#...## ##...# #...##
#...#


There were no monsters in sight!

Vanquished Creatures
  2 two-headed ogres
  Pikel (D:5)
  A cyclops (D:9)
  2 trolls
  Grinder (D:6)
  Prince Ribbit (D:9)
  A wyvern (D:10)
  16 yaks
  2 steam dragons (D:6)
  An orc warrior (D:8)
  A sky beast (D:7)
  2 black bears
  2 ogres (D:5)
  A centaur (D:8)
  A phantom (D:5)
  An elf zombie (Ossuary)
  4 bullfrogs
  4 kobold brigands
  A gnoll sergeant (D:10)
  A necrophage (D:8)
  7 wights
  3 killer bees (D:9)
  6 howler monkeys
  3 hounds (D:4)
  5 orc priests
  2 human zombies (Ossuary)
  An iguana (D:6)
  6 orc wizards
  A hound zombie (Ossuary)
  4 mummies (Ossuary)
  9 gnolls
  12 adders
  2 white imps
  2 adder zombies (Ossuary)
  A dart slug (D:4)
  27 orcs
  6 ball pythons
  4 endoplasms
  5 giant cockroaches
  4 goblins
  6 hobgoblins
  A quokka (D:1)
  5 bats
  2 gnoll zombies (Ossuary)
  2 goblin zombies (Ossuary)
  35 kobolds
  2 orc zombies (Ossuary)
  5 rats
214 creatures vanquished.

Vanquished Creatures (collateral kills)
  2 foxfires (D:5)
2 creatures vanquished.

Vanquished Creatures (others)
  518 foxfires
  4 fungi (D:9)
522 creatures vanquished.

Grand Total: 738 creatures vanquished

Notes
Turn   | Place    | Note
-------+----------+-------------------------------------------
     0 | D:1      | kae the Tengu Fire Elementalist began the quest for the
                  | Orb.
     0 | D:1      | Reached XP level 1. HP: 10/10 MP: 4/4
   399 | D:1      | Reached XP level 2. HP: 15/15 MP: 0/6
   454 | D:1      | Learned a level 2 spell: Scorch
  1010 | D:1      | Reached skill level 2 in Conjurations
  1103 | D:1      | Found a faded altar of an unknown god.
  1330 | D:2      | Reached skill level 1 in Armour
  1330 | D:2      | Reached XP level 3. HP: 20/20 MP: 5/7
  1336 | D:2      | Learned a level 3 spell: Conjure Flame
  1687 | D:2      | Reached skill level 1 in Fighting
  1886 | D:2      | Reached XP level 4. HP: 25/25 MP: 5/8
  1924 | D:2      | Found Uxolorgh's Weapon Boutique.
  2829 | D:3      | Found Fismiu's Assorted Antiques.
  2838 | D:3      | Bought a smoky emerald potion for 21 gold pieces
  2838 | D:3      | Bought 3 scrolls labelled ECEIKK KYIXKUONANE for 72 gold
                  | pieces
  2838 | D:3      | Bought a scroll labelled KOXUNA RAUMU for 24 gold pieces
  2838 | D:3      | Bought a scroll labelled OQORRU ACWI for 24 gold pieces
  3364 | D:4      | Gained mutation: Your magical nature lets you fly swiftly
                  | and evasively. [Tengu growth]
  3364 | D:4      | Reached XP level 5. HP: 21/29 MP: 4/9
  3485 | D:4      | Reached skill level 1 in Staves
  3614 | D:4      | Reached skill level 3 in Conjurations
  3681 | D:4      | Reached skill level 1 in Evocations
  3753 | D:4      | Noticed a black bear
  3769 | D:4      | Killed a black bear
  3770 | D:4      | Reached XP level 6. HP: 35/35 MP: 3/11
  3989 | D:4      | Found a glowing silver altar of Zin.
  4200 | D:4      | HP: 1/35 [orc/boomerang (5)]
  4731 | D:5      | Entered Level 5 of the Dungeon
  4734 | D:5      | Found a shadowy altar of Dithmenos.
  4847 | D:5      | Reached XP level 7. HP: 40/40 MP: 8/12
  4873 | D:5      | Found a sand-covered staircase.
  4878 | Ossuary  | Entered an ossuary
  5060 | Ossuary  | Reached skill level 4 in Conjurations
  5525 | D:5      | Noticed Pikel
  5563 | D:5      | Killed Pikel
  5564 | D:5      | Reached skill level 5 in Fire Magic
  5564 | D:5      | Reached XP level 8. HP: 34/46 MP: 1/14
  6023 | D:5      | Reached skill level 5 in Conjurations
  6917 | D:6      | Noticed Grinder
  6937 | D:6      | Paralysed by Grinder for 5 turns
  6938 | D:6      | Killed Grinder
  6939 | D:6      | Reached skill level 5 in Dodging
  6939 | D:6      | Reached XP level 9. HP: 23/52 MP: 7/16
  7552 | D:6      | Found a stormy altar of Qazlal.
  7897 | D:7      | Learned a level 3 spell: Inner Flame
  7902 | D:7      | Learned a level 4 spell: Flame Wave
  8170 | D:7      | Found a staircase to the Ecumenical Temple.
  8332 | D:7      | Reached skill level 6 in Conjurations
  8397 | Temple   | Entered the Ecumenical Temple
  8616 | Temple   | Became a worshipper of Sif Muna the Loreminder
  8709 | D:7      | Found a glowing golden altar of the Shining One.
  8913 | D:7      | Found a sacrificial altar of Ru.
  8914 | D:7      | Found a basalt altar of Yredelemnul.
  9243 | D:8      | Noticed a two-headed ogre
  9260 | D:8      | Killed a two-headed ogre
  9261 | D:8      | Reached skill level 5 in Armour
  9261 | D:8      | Reached skill level 5 in Spellcasting
  9261 | D:8      | Reached XP level 10. HP: 58/58 MP: 6/18
  9503 | D:7      | Reached skill level 5 in Staves
  9746 | D:8      | Found an iron altar of Okawaru.
  9775 | D:8      | Found a staircase to the Lair.
  9920 | D:8      | Found an ornate altar of the Wu Jian Council.
  9954 | D:8      | Reached skill level 5 in Fighting
 10220 | D:8      | Found an ancient bone altar of Kikubaaqudgha.
 10286 | D:8      | Found a runed translucent door.
 10286 | D:8      | Noticed kae's ghost (novice TeFE)
 10528 | D:9      | Found a snail-covered altar of Cheibriados.
 10636 | D:9      | Reached * piety under Sif Muna
 10802 | D:9      | Noticed a two-headed ogre
 10817 | D:9      | Killed a two-headed ogre
 10818 | D:9      | Reached skill level 7 in Conjurations
 10942 | D:9      | Noticed a boulder beetle
 10945 | D:9      | Found a runed translucent door.
 10955 | D:9      | Noticed a salamander
 11019 | D:9      | Reached skill level 5 in Evocations
 11123 | D:9      | Noticed a cyclops
 11388 | D:9      | Noticed Prince Ribbit
 11400 | D:9      | Reached XP level 11. HP: 57/64 MP: 11/20
 11423 | D:9      | Killed Prince Ribbit
 11732 | D:9      | Found a runed translucent gate.
 11732 | D:9      | Found a runed translucent gate.
 11737 | D:9      | Found a runed translucent gate.
 11739 | D:9      | Noticed Leszczynek's ghost (novice HuGl)
 11989 | D:9      | Noticed a shock serpent
 11990 | D:9      | Noticed a swamp dragon
 11990 | D:9      | a shock serpent changed into a swamp dragon
 12101 | D:9      | Reached ** piety under Sif Muna
 12323 | D:9      | Killed a cyclops
 12828 | D:10     | Entered Level 10 of the Dungeon
 12844 | D:10     | Reached skill level 8 in Conjurations
 13433 | D:10     | Paralysed by a hornet for 1 turns
 13434 | D:10     | HP: 3/64 [orc warrior/+0 glaive (17)]
 13435 | D:10     | Succumbed to a hornet's poison

Illustrated notes

Levels and vault maps discovered:
D:1:      minmay_arrival_stair_chambers, layout_rooms,
          shapermc_ecumenical_altar_hornbeckon, chequers_serial_rivers_room_a,
          columned_hall_lemuel, hex_medium
D:2:      layout_loops_ring, serial_shops, nicolae_shop_bloodbath_and_beyond,
          minmay_fractal_squares_gapless_5
D:3:      layout_rooms, serial_shops, shop
D:4:      layout_loops_ring, zin_scriptorium
D:5:      layout_cave_pods, mainiacjoe_overflow_tiny_flanked,
          nicolae_ossuary_entry_false_entrances, uniq_pikel
D:6:      layout_basic, kennysheep_little_box, uniq_grinder
D:7:      layout_cave_pods, mainiacjoe_overflow_catwalk,
          gammafunk_temple_overflow_statue, minmay_temple_entry_sparse_star,
          serial_column_ruins, column_ruins_hut, column_ruins_square_huge,
          column_ruins_grid_1, column_ruins_grid_3, column_ruins_open_tiny,
          column_ruins_open_small, column_ruins_open_tiny, column_ruins_grid_4
D:8:      layout_basic, mainiacjoe_overflow_cross_hatched, lemuel_round_altar,
          nicolae_overflow_hidden_temple, lair_entry_dummy,
          hellmonk_ghost_happy_afterlife
D:9:      layout_stronghold, cheibriados_altar_1, gammafunk_ghost_nasty_kobolds,
          minmay_st_funbox, uniq_prince_ribbit1
D:10:     layout_cross, lemuel_tele_altar
Temple:   minmay_temple_curvy_loop

Skill      XL: |  1  2  3  4  5  6  7  8  9 10 11 |
---------------+----------------------------------+-----
Conjurations   | 2 3 4 5 6 7 8 |  8.0
Armour         | 1 2 3 4 5 6 |  6.6
Fighting       | 1 2 3 4 5 6 |  6.0
Dodging        | 3 4 5 6 7 |  7.1
Staves         | 1 2 3 4 5 6 |  6.3
Evocations     | 1 2 3 4 5 |  5.7
Fire Magic     | 4 5 6 7 |  7.6
Spellcasting   | 3 4 5 6 |  6.0
Stealth        | |  2.0

Action                   |  1- 3 |  4- 6 |  7- 9 | 10-12 || total
-------------------------+-------+-------+-------+-------++-------
Melee: Unarmed           |     2 |       |       |       ||     2
       Kick              |     3 |     7 |    13 |    11 ||    34
       Peck              |     3 |     3 |     8 |     7 ||    21
       Short sword       |    15 |     7 |       |       ||    22
       Staff             |       |    14 |    32 |    33 ||    79
 Cast: Foxfire           |    42 |    78 |   140 |    43 ||   303
       Scorch            |     6 |    18 |    27 |    18 ||    69
       Conjure Flame     |       |     1 |     3 |     2 ||     6
       Flame Wave        |       |       |       |    21 ||    21
       Inner Flame       |       |       |       |     9 ||     9
  Use: Scroll            |     5 |     9 |     5 |     6 ||    25
       Potion            |       |     1 |       |       ||     1
 Stab: Sleeping          |     1 |       |       |       ||     1
Armor: Robe              |     4 |     8 |    29 |       ||    41
       Steam dragon scal |       |       |     7 |    37 ||    44
Dodge: Dodged            |    17 |    33 |    85 |    94 ||   229

Table legend: (Time is in decaauts)
 A = Elapsed time spent in this place.
 B = Non-inter-level travel time spent in this place.
 C = Inter-level travel time spent in this place.
 D = Time resting spent in this place.
 E = Time spent auto-exploring this place.
 F = Levels seen in this place.
 G = Mean time per level.
                   A        B        C        D        E       F      G
               +--------+--------+--------+--------+--------+-----+--------+
         Total |  12901 |  12485 |    416 |   1525 |   9103 |  12 | 1075.1 |
       Dungeon |  12163 |  11807 |    356 |   1434 |   8826 |  10 | 1216.3 |
        Temple |    225 |    166 |     59 |      0 |    160 |   1 |  225.0 |
       Ossuary |    513 |    513 |      0 |     91 |    116 |   1 |  513.0 |
               +--------+--------+--------+--------+--------+-----+--------+

Top non-repeatable levels by time:
     D:9: 2157 daAuts
     D:2: 1398 daAuts
     D:1: 1318 daAuts
     D:4: 1305 daAuts
     D:6: 1243 daAuts
     D:5: 1193 daAuts
     D:7: 1182 daAuts
     D:8: 1143 daAuts
     D:3: 648 daAuts
    D:10: 572 daAuts
 Ossuary: 513 daAuts
  Temple: 225 daAuts
